 Dungeon Crawl Stone Soup version 0.26-a0-661-g406de6ba63 (webtiles) character file.

Game seed: 11058377778380759543

35048 Drevant2 the Severer (level 13, -6/96 HPs)
             Began as a Hill Orc Abyssal Knight on Oct 9, 2020.
             Was the Champion of Lugonu.
             Mangled by an orc warrior
             ... wielding a +0 short sword
              (21 damage)
             ... on level 12 of the Dungeon.
             The game lasted 00:53:47 (17996 turns).

Drevant2 the Severer (Hill Orc Abyssal Knight)     Turns: 17996, Time: 00:53:47

Health: -6/96      AC: 20    Str: 22    XL:     13   Next: 81%
Magic:  24/24      EV:  8    Int: 12    God:    Lugonu [******]
Gold:   356        SH:  0    Dex: 11    Spells: 12/12 levels left

rFire    + + .     SeeInvis .   E - +4 battleaxe (freeze)
rCold    + . .     Faith    .   (shield currently unavailable)
rNeg     . . .     Spirit   .   v - +3 chain mail {rPois}
rPois    +         Reflect  .   q - +2 helmet {Int+3}
rElec    +         Harm     .   T - scarf {rC+ rF+}
rCorr    .         Rampage  .   x - +0 pair of gloves
MR       +....                  (no boots)
Stlth    ..........             Z - amulet "Naliest" {rElec rPois rF+ Regen+}
HPRegen  0.66/turn              h - ring of wizardry
MPRegen  0.19/turn              p - ring of Egeosuuq {rPois MR+ Str+3 Int-3 Slay+2}

@: mighty
A: no striking features
a: Depart the Abyss, Bend Space, Banish, Corrupt, Enter the Abyss, Brand Weapon
With Distortion, Renounce Religion


You were on level 12 of the Dungeon.
You worshipped Lugonu.
Lugonu was exalted by your worship.
You visited 3 branches of the dungeon, and saw 19 of its levels.
You visited the Abyss 1 time.
You also visited: Bailey and Volcano.

You collected 1331 gold pieces.
You spent 975 gold pieces at shops.

Inventory:

Hand Weapons
 a - a +1 hand axe
 y - the cursed +1 quarterstaff of Coxkyzai {flame, Fragile rElec rPois Stlth+, unknown}
   (You found it on level 8 of the Dungeon)

   It has been specially enchanted to burn those struck by it, causing extra
   injury to most foes and up to half again as much damage against particularly
   susceptible opponents.
   It insulates you from electricity.
   It protects you from poison.
   It will be destroyed if unequipped.
   It makes you more stealthy.
   It has a curse placed upon it.
 E - a +4 battleaxe of freezing (weapon)
 G - the cursed +1 longbow "Roocyhau" {freeze, *Drain rElec MR++ SInv, unknown}
   (You found it on level 8 of the Dungeon)

   It causes projectiles fired from it to freeze those they strike, causing
   extra injury to most foes and up to half again as much damage against
   particularly susceptible opponents.
   They can also slow down cold-blooded creatures.
   It insulates you from electricity.
   It affects your resistance to hostile enchantments.
   It lets you see invisible.
   It causes draining when unequipped.
   It has a curse placed upon it.
 M - the +3 long sword of Amorality {flame, rPois rC+ Str-3, unknown}
   (You found it on level 10 of the Dungeon)

   It has been specially enchanted to burn those struck by it, causing extra
   injury to most foes and up to half again as much damage against particularly
   susceptible opponents.
   Big, fiery blades are also staple armaments of hydra-hunters.
   It affects your strength (-3).
   It protects you from cold.
   It protects you from poison.
 P - the +12 short sword of Ipeitzonk {flame, rElec}
   (You found it on level 8 of the Dungeon)

   It has been specially enchanted to burn those struck by it, causing extra
   injury to most foes and up to half again as much damage against particularly
   susceptible opponents.
   It insulates you from electricity.
Armour
 b - a +0 leather armour
 g - a +1 cloak of magic resistance
 i - a +0 scale mail
 j - a +0 ring mail
 o - a +0 ring mail of magic resistance
 q - a +2 helmet of intelligence (worn)
 v - a +3 chain mail of poison resistance (worn)
 w - a +0 cloak
 x - a +0 pair of gloves (worn)
 T - a scarf of resistance (worn)
 W - +0 fire dragon scales
Jewellery
 h - a ring of wizardry (left hand)
 k - an uncursed amulet of regeneration
 p - the ring of Egeosuuq (right hand) {rPois MR+ Str+3 Int-3 Slay+2}
   (You found it on level 8 of the Dungeon)

   [ring of protection from magic]

   It affects your strength (+3).
   It affects your intelligence (-3).
   It affects your accuracy and damage with ranged weapons and melee attacks
   (+2).
   It protects you from poison.
   It affects your resistance to hostile enchantments.
 O - a +6 ring of intelligence
 R - an uncursed ring of stealth {unknown}
 Z - the amulet "Naliest" (around neck) {rElec rPois rF+ Regen+}
   (You bought it in a shop on level 10 of the Dungeon)

   [amulet of regeneration]

   It protects you from fire.
   It insulates you from electricity.
   It protects you from poison.
   It increases your rate of regeneration.
Wands
 C - a wand of enslavement (9)
 H - a wand of disintegration (13)
 Q - a wand of random effects (31)
 U - a wand of digging (6)
Scrolls
 c - a scroll of blinking
 e - a scroll of summoning {unknown}
 f - 4 scrolls of amnesia
 m - 3 scrolls of noise {unknown}
 n - 3 scrolls of remove curse
 u - 3 scrolls of teleportation
 D - a scroll of enchant armour {unknown}
 F - a scroll of acquirement {unknown}
 I - 2 scrolls of fear
 K - a scroll of holy word {unknown}
 L - 2 scrolls of torment {unknown}
 Y - a scroll of fog {unknown}
Potions
 d - 3 potions of might
 l - 4 potions of curing
 r - 6 potions of brilliance
 s - a potion of cancellation
 t - 5 potions of ambrosia
 z - 4 potions of resistance
 N - 4 potions of flight
 S - a potion of degeneration
 V - 2 potions of mutation {unknown}
 X - a potion of berserk rage {unknown}


   Skills:
 - Level 3.9 Fighting
 * Level 19.6 Axes
 + Level 12.7 Armour
 - Level 0.7 Dodging
 + Level 14.7 Invocations


You had 12 spell levels left.
You didn't know any spells.
Your spell library contained the following spells:

 Spells                   Type           Power        Failure   Level
 Animate Skeleton         Necr           #.....       54%         1
 Apportation              Tloc           #.....       54%         1
 Corona                   Hex            #......      54%         1
 Pain                     Necr           #...         54%         1
 Summon Small Mammal      Summ           #...         54%         1
 Slow                     Hex            #.......     69%         2
 Inner Flame              Hex/Fire       #.......     88%         3
 Portal Projectile        Hex/Tloc       #.....       88%         3
 Vampiric Draining        Necr           #.........   88%         3
 Animate Dead             Necr           #.........   99%         4
 Cause Fear               Hex            #.........   99%         4
 Leda's Liquefaction      Hex/Erth       #.........   99%         4
 Agony                    Necr           #.......     100%        5
 Bolt of Magma            Conj/Fire/Erth #.........   100%        5
 Iskenderun's Battlesphe  Conj           #.......     100%        5
 Iron Shot                Conj/Erth      #.........   100%        6
 Orb of Destruction       Conj           #.........   100%        7
 Spellforged Servitor     Conj/Summ      #.........   100%        7


Dungeon Overview and Level Annotations

Branches:
Dungeon (12/15)            Temple (0/1) D:7            Lair (6/6) D:9
  Swamp (0/4) Lair:4        Snake (0/4) Lair:2          Orc (1/2) D:12
 Bailey (visited)         Volcano (visited)
  Slime: Lair:5-6

Altars:
Ashenzari
Cheibriados
Fedhas
Gozag
Kikubaaqudgha
Makhleb
Nemelex Xobeh
Qazlal
Ru
Uskayaw
Wu Jian
Xom
Yredelemnul
The Shining One

Shops:
D:6 [:=   D:7 }   D:10 =

Annotations:
D:4 Sigmund
D:6 2 transporters
D:8 Joseph
Lair:1 exclusion: oklob plant
Lair:3 exclusion: oklob plant


Message History

Lugonu accepts your kill.
You slash the orc wizard! You freeze the orc wizard.
You kill the orc wizard!
Lugonu accepts your kill.
You slice the warg!! You freeze the warg.
You kill the warg!
Lugonu accepts your kill.
You slash the orc warrior! You freeze the orc warrior.
The orc warrior hits you but does no damage.
You slash the orc warrior! You freeze the orc warrior.
The orc warrior is severely wounded.
You barely miss the orc warrior.
The orc warrior hits you but does no damage.
Unknown command.
You closely miss the orc warrior.
The orc warrior is severely wounded.
You hit the orc warrior. You freeze the orc warrior.
The orc warrior hits you but does no damage.
The orc warrior hits you with a +0 short sword!!
You die...

#.>#..#
######<.#..#
....#.....#
...#.....#
#..#..##.#
##..#..##.#
+...#.....#
#..))o....#
#..[@)....#
#####o....#
......#
......#
......#
.......#
....(#
.>...#


You could see 2 orc warriors.

Vanquished Creatures
  An orc warlord (D:12)
  3 death yaks
  A cyclops (D:8)
  4 elephants (Lair:5)
  Maurice (D:11)
  8 black mambas
  3 cane toads
  2 gargoyles (Volcano)
  2 torpor snails
  Psyche (D:10)
  A rime drake (Lair:1)
  An efreet (Volcano)
  7 komodo dragons
  4 polar bears (Lair:4)
  3 trolls
  8 blink frogs
  3 slime creatures (D:9)
  2 bog bodies (Lair:4)
  2 basilisks (D:9)
  39 yaks
  3 fire bats (Lair:2)
  5 wyverns
  A fire elemental (Volcano)
  A steam dragon (D:10)
  Grum (D:10)
  3 nagas (Lair:2)
  2 wargs
  12 water moccasins
  10 orc warriors
  4 ice beasts
  2 sky beasts
  3 black bears
  A necrophage (D:9)
  4 ogres
  6 phantoms
  8 wolves
  3 centaurs
  A big kobold (D:11)
  15 bullfrogs
  A gnoll sergeant (D:7)
  6 scorpions
  5 killer bees (D:10)
  5 howler monkeys
  26 wights
  A centaur zombie (D:6)
  A crimson imp (D:3)
  A quasit (D:7)
  2 centaur skeletons (D:5)
  8 hounds
  4 jellies
  A bullfrog skeleton (D:8)
  7 orc priests
  A gnoll shaman (D:7)
  5 iguanas
  Jessica (D:2)
  12 orc wizards
  5 worker ants
  A hound zombie (D:7)
  A hound skeleton (D:8)
  2 worker ant zombies (D:9)
  A howler monkey zombie (D:5)
  18 gnolls
  2 howler monkey skeletons
  14 adders
  2 shadow imps (D:9)
  2 white imps
  3 ufetubi
  5 adder skeletons
  A worm (D:3)
  5 dart slugs
  6 leopard geckos
  48 orcs
  3 ball pythons
  3 bats
  4 giant cockroaches
  6 goblins
  9 hobgoblins
  25 jackals
  13 kobolds
  4 quokkas
  6 frilled lizards
  A jackal skeleton (D:8)
  2 quokka skeletons (D:4)
  A quokka zombie (D:8)
  7 rats
468 creatures vanquished.

Vanquished Creatures (others)
  13 fungi
  31 plants
44 creatures vanquished.

Grand Total: 512 creatures vanquished

Notes
Turn   | Place    | Note
-------+----------+-------------------------------------------
     0 | Abyss:1  | Drevant2 the Hill Orc Abyssal Knight began the quest for
                  | the Orb.
     0 | Abyss:1  | Reached XP level 1. HP: 19/19 MP: 2/2
     8 | D:1      | Escaped the Abyss
    46 | D:1      | Reached XP level 2. HP: 22/27 MP: 3/3
   160 | D:1      | Reached skill level 3 in Axes
   404 | D:1      | Reached XP level 3. HP: 16/33 MP: 5/5
   851 | D:1      | Reached ** piety under Lugonu
   948 | D:2      | Noticed Jessica
   967 | D:2      | Killed Jessica
   967 | D:2      | Reached skill level 4 in Axes
   967 | D:2      | Reached XP level 4. HP: 9/40 MP: 6/6
  1453 | D:2      | Found a hide-covered altar of Uskayaw.
  1453 | D:2      | Found an ancient bone altar of Kikubaaqudgha.
  1567 | D:2      | Reached XP level 5. HP: 42/46 MP: 7/7
  1831 | D:2      | Reached skill level 5 in Axes
  2259 | D:3      | Reached XP level 6. HP: 48/52 MP: 9/9
  2307 | D:3      | Reached skill level 6 in Axes
  2514 | D:3      | Found a sacrificial altar of Ru.
  2952 | D:3      | Found a blossoming altar of Fedhas.
  2963 | D:3      | Reached *** piety under Lugonu
  3098 | D:3      | Found a burning altar of Makhleb.
  3098 | D:3      | Found a shimmering altar of Xom.
  3921 | D:4      | Reached skill level 7 in Axes
  3921 | D:4      | Reached skill level 5 in Invocations
  3921 | D:4      | Reached XP level 7. HP: 42/58 MP: 10/10
  4633 | D:5      | Entered Level 5 of the Dungeon
  5020 | D:4      | Reached skill level 8 in Axes
  5020 | D:4      | Reached skill level 5 in Armour
  5326 | D:4      | Reached XP level 8. HP: 24/66 MP: 12/12
  5548 | D:4      | Noticed Sigmund
  6438 | D:5      | Found a sparkling altar of Nemelex Xobeh.
  6593 | D:5      | Reached skill level 9 in Axes
  7239 | D:6      | Found Sem Xoskutza's Book Shoppe.
  7282 | D:6      | Found Fiodgh's Jewellery Emporium.
  7355 | D:6      | Found Fefotaxa's Armour Boutique.
  7555 | D:6      | Bought a +3 chain mail of poison resistance for 258 gold
                  | pieces
  7589 | D:6      | Found a snail-covered altar of Cheibriados.
  7628 | D:6      | Found a glowing golden altar of the Shining One.
  7645 | D:6      | Found a basalt altar of Yredelemnul.
  8172 | D:6      | Reached skill level 10 in Axes
  8189 | D:6      | Found a transporter.
  8192 | D:6      | Noticed an orc high priest
  8196 | D:6      | Noticed a kobold demonologist
  8215 | D:6      | Found a transporter.
  8224 | D:6      | Noticed a kobold demonologist
  8411 | D:6      | Found a stormy altar of Qazlal.
  8412 | D:6      | Found a broken altar of Ashenzari.
  8571 | D:7      | Found a stormy altar of Qazlal.
  8574 | D:7      | Noticed a water elemental
  8574 | D:7      | Noticed an air elemental
  8594 | D:7      | Reached XP level 9. HP: 55/71 MP: 14/14
  8641 | D:7      | Reached **** piety under Lugonu
  8699 | D:7      | Reached skill level 11 in Axes
  9551 | D:7      | Found a staircase to the Ecumenical Temple.
  9583 | D:7      | Found Wietath's Gadget Shop.
  9833 | D:8      | Reached skill level 12 in Axes
 10038 | D:8      | Found an ornate altar of the Wu Jian Council.
 10085 | D:8      | Reached ***** piety under Lugonu
 10088 | D:8      | Noticed a cyclops
 10095 | D:8      | Noticed Joseph
 10176 | D:9      | Reached XP level 10. HP: 77/78 MP: 16/16
 10266 | D:8      | Noticed a cyan ugly thing
 10397 | D:8      | Killed a cyclops
 10397 | D:8      | Reached skill level 13 in Axes
 10721 | D:8      | Reached skill level 10 in Invocations
 10889 | D:8      | Got a twitching copper ring
 10901 | D:8      | Got a transparent quarterstaff
 10903 | D:8      | Got a jewelled short sword
 10907 | D:8      | Got a masterwork longbow
 11401 | D:9      | Reached skill level 14 in Axes
 11551 | D:9      | Found a staircase to the Lair.
 11556 | D:9      | Reached XP level 11. HP: 65/83 MP: 19/19
 11820 | D:9      | Reached skill level 15 in Axes
 11847 | D:9      | Found an opulent altar of Gozag.
 11971 | D:9      | Identified the ring of Egeosuuq {rPois MR+ Str+3 Int-3
                  | Slay+2} (You found it on level 8 of the Dungeon)
 12114 | D:10     | Entered Level 10 of the Dungeon
 12115 | D:10     | Found Intu's Jewellery Shoppe.
 12134 | D:10     | Reached ****** piety under Lugonu
 12257 | D:10     | Noticed Grum
 12264 | D:10     | Killed Grum
 12264 | D:10     | Reached skill level 10 in Armour
 12420 | D:10     | Noticed Psyche
 12430 | D:10     | Killed Psyche
 12557 | D:10     | Got an encrusted long sword
 12602 | D:11     | Found a flagged portal.
 12602 | D:11     | Noticed Maurice
 12644 | D:11     | Identified the +12 short sword of Ipeitzonk {flame, rElec}
                  | (You found it on level 8 of the Dungeon)
 12649 | D:11     | Killed Maurice
 12656 | Bailey   | Entered a bailey
 12950 | Bailey   | Found a bloodstained altar of Trog.
 13073 | D:11     | Noticed a four-headed hydra
 13147 | D:11     | Reached skill level 16 in Axes
 13203 | Lair:1   | Entered Level 1 of the Lair of Beasts
 13314 | Lair:1   | Reached XP level 12. HP: 40/91 MP: 21/21
 13978 | Lair:2   | Reached skill level 17 in Axes
 14168 | Lair:2   | Found a staircase to the Snake Pit.
 14350 | Lair:2   | Found a dark tunnel.
 14370 | Volcano  | Entered a volcano
 15329 | Lair:3   | Noticed a seven-headed hydra
 15337 | Lair:3   | Banished a seven-headed hydra
 15389 | Lair:3   | Reached skill level 18 in Axes
 15508 | Lair:3   | Noticed a seven-headed hydra
 15513 | Lair:3   | Banished a seven-headed hydra
 15532 | Lair:3   | Reached XP level 13. HP: 50/96 MP: 17/23
 15795 | Lair:4   | Found a staircase to the Swamp.
 16251 | Lair:4   | Reached skill level 19 in Axes
 17012 | D:10     | Bought the amulet "Naliest" {rElec rPois rF+ Regen+} for
                  | 717 gold pieces
 17262 | Lair:6   | Entered Level 6 of the Lair of Beasts
 17809 | D:12     | Found a staircase to the Orcish Mines.
 17818 | Orc:1    | Entered Level 1 of the Orcish Mines
 17847 | Orc:1    | Noticed an orc warlord
 17868 | D:12     | Killed an orc warlord
 17989 | Orc:1    | Noticed an orc warlord
 17990 | Orc:1    | HP: 1/96 [orc warrior/+0 short sword (14)]
 17996 | D:12     | Mangled by an orc warrior

Illustrated notes

Levels and vault maps discovered:
D:1:      shiori_arrival_maze, layout_rooms
D:2:      layout_loops_cross, nicolae_overflow_hidden_temple, uniq_jessica
D:3:      layout_loops_ring, grunt_temple_overflow_champion_of_chaos,
          lemuel_doored_altar, old_standard_altar
D:4:      layout_loops_corners, serial_shops, nicolae_shop_window_shopping,
          hangedman_feature_mirror, chequers_serial_rivers_large_a,
          serial_park_tiny_1, uniq_sigmund
D:5:      layout_basic, chequers_serial_rivers_small_b,
          nemelex_spade_bored_becter
D:6:      gammafunk_wand_slinger, layout_gridville, old_standard_altar,
          grunt_temple_overflow_holy_war, gammafunk_temple_overflow_pools,
          serial_shops, shop_fountains, nicolae_shop_waterfront, shop,
          minmay_misc_feat_rows
D:7:      layout_loops_ring, minmay_temple_entry_junction_2, serial_shops,
          kennysheep_mini, nicolae_qazlal_style_of_elements
D:8:      minmay_the_grid_octo_2x2 [minmay_the_grid_octo_concentric,
          minmay_the_grid_octo_clover, minmay_the_grid_octo_pinwheel,
          minmay_the_grid_octo_prize_ultimate_mussel_roller], layout_rooms,
          kennysheep_mini_moat, uniq_joseph
D:9:      layout_rooms, minmay_lair_entry_grove, basic_altar
D:10:     layout_rooms, serial_shops, shop, uniq_grum, uniq_psyche
D:11:     layout_loops_cross, enter_bailey_2, uniq_maurice
D:12:     layout_stronghold, orc_0_dummy, gammafunk_ghost_nasty_kobolds,
          corexii_leaking_fountain
Lair:1:   layout_misc_corridors, lemuel_fruit_fields, minmay_lair_oklob_chamber
Lair:2:   layout_long_grid, minmay_snake_entry_guardpost_small,
          nicolae_volcano_entry_batcave
Lair:3:   layout_regular_city
Lair:4:   wander_river, layout_regular_city, skrybe_swamp_entry_bodies,
          beast_lair_carwin_8
Lair:5:   layout_regular_city
Lair:6:   gammafunk_lair_ancient_temple, layout_regular_city,
          minmay_slime_entry_eyes, nicolae_quartered_pool_medium
Orc:1:    layout_diamond_mine, trog_butcher_becter

Skill      XL: |  1  2  3  4  5  6  7  8  9 10 11 12 13 |
---------------+----------------------------------------+-----
Axes           | 3 4 5 7 8 10 12 14 16 18 19 | 19.6
Invocations    | 3 4 5 6 7 9 10 12 13 14 | 14.7
Armour         | 3 4 5 6 7 9 10 11 12 | 12.7
Fighting       | |  3.9
Dodging        | |  0.7

Action                   |  1- 3 |  4- 6 |  7- 9 | 10-12 | 13-15 || total
-------------------------+-------+-------+-------+-------+-------++-------
Melee: Hand axe          |    91 |   190 |   273 |       |       ||   554
       War axe           |       |       |   428 |    49 |       ||   477
       Battleaxe         |       |       |       |   531 |   199 ||   730
Invok: Banish            |       |       |       |     3 |       ||     3
  Use: Scroll            |       |     3 |     5 |    12 |     8 ||    28
       Potion            |       |     2 |     4 |     3 |     4 ||    13
 Stab: Distracted        |       |     1 |       |       |       ||     1
       Invisible         |       |       |     3 |       |       ||     3
Armor: Leather armour    |    21 |       |       |       |       ||    21
       Ring mail         |    20 |    70 |    52 |       |       ||   142
       Chain mail        |       |       |   354 |   455 |   133 ||   942
       Skin              |       |       |    12 |       |       ||    12
       Fire dragon scale |       |       |       |     3 |       ||     3
Dodge: Dodged            |    74 |   112 |   277 |   234 |    93 ||   790

Table legend: (Time is in decaauts)
 A = Elapsed time spent in this place.
 B = Non-inter-level travel time spent in this place.
 C = Inter-level travel time spent in this place.
 D = Time resting spent in this place.
 E = Time spent auto-exploring this place.
 F = Levels seen in this place.
 G = Mean time per level.
                   A        B        C        D        E       F      G
               +--------+--------+--------+--------+--------+-----+--------+
         Total |  17857 |  15684 |   2173 |   4765 |   6741 |  22 |  811.7 |
       Dungeon |  13277 |  11881 |   1396 |   3875 |   5189 |  12 | 1106.4 |
          Lair |   3910 |   3133 |    777 |    680 |   1436 |   6 |  651.7 |
  Orcish Mines |     50 |     50 |      0 |      0 |     18 |   1 |   50.0 |
         Abyss |      8 |      8 |      0 |      0 |      2 |   1 |    8.0 |
        Bailey |    341 |    341 |      0 |    206 |     11 |   1 |  341.0 |
       Volcano |    270 |    270 |      0 |      4 |     85 |   1 |  270.0 |
               +--------+--------+--------+--------+--------+-----+--------+

Top non-repeatable levels by time:
     D:4: 1992 daAuts
     D:5: 1928 daAuts
     D:7: 1458 daAuts
     D:6: 1303 daAuts
     D:2: 1246 daAuts
     D:8: 1240 daAuts
     D:3: 1159 daAuts
     D:1: 948 daAuts
  Lair:2: 899 daAuts
     D:9: 885 daAuts
  Lair:1: 838 daAuts
  Lair:3: 787 daAuts
  Lair:4: 754 daAuts
  Lair:5: 622 daAuts
    D:10: 618 daAuts
